 Dungeon Crawl Stone Soup version 0.22.1-1-ga44c0e5 (webtiles) character file.

754 Garbasso the Carver (level 7, -8/61 HPs)
             Began as a Minotaur Gladiator on Oct 10, 2018.
             Was an Initiate of Ru.
             Killed from afar by a killer bee (9 damage)
             ... with an exploding inner flame
             ... hexed by the player character
             ... on level 5 of the Dungeon.
             The game lasted 00:14:19 (5015 turns).

Garbasso the Carver (Minotaur Gladiator)            Turns: 5015, Time: 00:14:22

Health: -8/61      AC: 10    Str: 23    XL:     7   Next: 49%
Magic:  6/6        EV:  8    Int:  5    God:    Ru [......]
Gold:   219        SH:  3    Dex: 11    Spells: 6/6 levels left

rFire    . . .     SeeInvis .   a - +0 long sword
rCold    . . .     Gourm    .   h - +0 buckler
rNeg     . . .     Faith    .   y - +0 chain mail
rPois    .         Spirit   .   c - +1 hat
rElec    .         Reflect  .   (no cloak)
rCorr    .         Harm     .   (no gloves)
MR       .....                  (no boots)
Stlth    ..........             (no amulet)
HPRegen  0.20/turn              w - +2 ring of strength
MPRegen  0.10/turn              u - ring of wizardry

@: lethally poisoned (-8 -> -9)
A: retaliatory headbutt, horns 2
a: Renounce Religion


You were on level 5 of the Dungeon.
You worshipped Ru.
Ru was noncommittal.
You were not hungry.

You visited 2 branches of the dungeon, and saw 6 of its levels.
You also visited: Sewer.

You collected 219 gold pieces.

Inventory:

Hand Weapons
 a - a +0 long sword (weapon)
Missiles
 d - 3 throwing nets
 r - 14 tomahawks (quivered)
Armour
 c - a +1 hat (worn)
 h - a +0 buckler (worn)
 y - a +0 chain mail (worn)
Jewellery
 u - a ring of wizardry (right hand)
 w - a +2 ring of strength (left hand)
 E - an uncursed ring of ice
Scrolls
 g - 2 scrolls of enchant armour
 i - a scroll of fog {unknown}
 l - 3 scrolls of teleportation
 o - a scroll of fear {unknown}
 p - a scroll of amnesia {unknown}
 q - 6 scrolls of remove curse
Potions
 b - a potion of mutation
 e - a potion of berserk rage
 j - 2 potions of lignification
 m - a potion of ambrosia {unknown}
 n - a potion of brilliance {unknown}
 t - 4 potions of magic
 x - a potion of degeneration {unknown}
 z - 4 potions of curing
 A - 2 potions of haste
 B - 3 potions of heal wounds
 C - 2 potions of might
Comestibles
 f - 10 rations
 s - 3 chunks of flesh


   Skills:
 + Level 5.6 Fighting
 * Level 8.2 Long Blades
 - Level 2.0 Throwing
 + Level 4.1 Armour
 - Level 3.2 Dodging


You had 6 spell levels left.
You didn't know any spells.
Your spell library was empty.

Dungeon Overview and Level Annotations

Branches:
Dungeon (5/15)             Temple (1/1) D:4

Altars:
Ashenzari
Cheibriados
Dithmenos
Elyvilon
Fedhas
Gozag
Hepliaklqana
Kikubaaqudgha
Makhleb
Nemelex Xobeh
Okawaru
Ru
Sif Muna
Trog
Uskayaw
Vehumet
Wu Jian
Yredelemnul
Zin
The Shining One

Annotations:
D:4 1 runed door, 2 transporters, Menkaure, Natasha


Innate Abilities, Weirdness & Mutations

You reflexively headbutt those who attack you in melee.
You have a pair of horns on your head.


Message History

You barely miss the killer bee. Your headbutt misses the killer bee.
The killer bee is severely wounded.
The killer bee stings you but does no damage.
You block the killer bee's attack. The killer bee barely misses you.
You furiously retaliate!
You headbutt the killer bee!
The killer bee explodes!
The fiery explosion engulfs the killer bee.
The killer bee explodes!
The fiery explosion engulfs you!
* * * LOW HITPOINT WARNING * * *
The fiery explosion engulfs the killer bee.
The killer bee explodes!
The fiery explosion engulfs you!
* * * LOW HITPOINT WARNING * * *
The fiery explosion engulfs the killer bee.
The killer bee explodes!
Your Long Blades skill increases to level 8!
Your Armour skill increases to level 4!
The fiery explosion engulfs you!
You die...

#.............>#
#..............#
######.##..##.## .#
#..#####..######..##
#...................
#...................
#......§§§...##....#
.. #%.....§§§§..##
...#
...#.....§@§§....+
.+
.....#'###########
#####....##......#
#......#......#
#......#......#
#####
######'#......#
....#
#.............+
....#
#.............#
....#
#.............#


There were no monsters in sight!

Vanquished Creatures
  An orc warrior (D:5)
  A bullfrog (D:4)
  3 killer bees (D:5)
  A hound (D:4)
  A bullfrog skeleton (D:4)
  A centaur skeleton (D:4)
  Natasha (D:4)
  2 orc wizards
  5 worker ants
  2 hound skeletons
  5 adders
  2 oozes (D:4)
  3 worms
  A dart slug (D:4)
  6 leopard geckos
  9 orcs
  A ball python (Sewer)
  7 bats
  A giant cockroach (D:3)
  9 goblins
  8 hobgoblins
  2 jackals (D:2)
  6 kobolds
  A quokka (D:2)
  14 frilled lizards
  13 rats
106 creatures vanquished.

Vanquished Creatures (others)
  A kobold (D:2)
1 creature vanquished.

Grand Total: 107 creatures vanquished

Notes
Turn   | Place    | Note
-------+----------+-------------------------------------------
     0 | D:1      | Garbasso the Minotaur Gladiator began the quest for the
                  | Orb.
     0 | D:1      | Reached XP level 1. HP: 18/18 MP: 0/0
   122 | D:1      | Reached skill level 4 in Long Blades
   188 | D:1      | Reached XP level 2. HP: 24/25 MP: 1/1
   539 | D:1      | Reached XP level 3. HP: 31/31 MP: 2/2
   704 | D:1      | You fall through a shaft!
  1355 | D:2      | Reached skill level 5 in Long Blades
  2091 | D:3      | Reached XP level 4. HP: 38/38 MP: 3/3
  2164 | D:3      | Found a glowing drain.
  2193 | Sewer    | Entered a sewer
  2805 | D:3      | Reached skill level 1 in Armour
  3047 | D:4      | Found a glowing golden altar of the Shining One.
  3047 | D:4      | Noticed an angel
  3048 | D:4      | Found a runed door.
  3055 | D:4      | Noticed Natasha
  3061 | D:4      | Reached XP level 5. HP: 46/46 MP: 4/4
  3064 | D:4      | Killed Natasha
  3064 | D:4      | Reached skill level 6 in Long Blades
  3513 | D:4      | Reached XP level 6. HP: 49/53 MP: 5/5
  3575 | D:4      | Found a bloodstained altar of Trog.
  3642 | D:4      | Found a staircase to the Ecumenical Temple.
  3651 | Temple   | Entered the Ecumenical Temple
  3757 | Temple   | Became a worshipper of Ru the Awakened
  3832 | D:4      | Found an ancient bone altar of Kikubaaqudgha.
  3832 | D:4      | Noticed Natasha
  3833 | D:4      | Noticed Menkaure
  3836 | D:4      | Found a transporter.
  3849 | D:4      | Reached skill level 7 in Long Blades
  4156 | D:4      | Found a transporter.
  4156 | D:4      | Found a basalt altar of Yredelemnul.
  4347 | D:5      | Entered Level 5 of the Dungeon
  4369 | D:5      | Noticed an orc warrior
  4378 | D:5      | Killed an orc warrior
  4378 | D:5      | Reached skill level 5 in Fighting
  4378 | D:5      | Reached XP level 7. HP: 29/61 MP: 6/6
  5015 | D:5      | HP: 1/61 [killer bee/exploding inner flame[the player
                  | character] (8)]
  5015 | D:5      | Reached skill level 8 in Long Blades
  5015 | D:5      | Killed from afar by a killer bee

Skill      XL: |  1  2  3  4  5  6  7 |
---------------+----------------------+-----
Long Blades    | 4 5 6 7 8 |  8.2
Fighting       | 3 4 5 |  5.6
Armour         | 1 2 3 4 |  4.1
Throwing       | |  2.0
Dodging        | |  3.2

Action                   |  1- 3 |  4- 6 |  7- 9 || total
-------------------------+-------+-------+-------++-------
Melee: Long sword        |    73 |   147 |    30 ||   250
       Headbutt          |    11 |    27 |     3 ||    41
Throw: Tomahawk          |       |     4 |       ||     4
  Use: Scroll            |       |    11 |     1 ||    12
  Eat: Chunk             |     3 |     8 |     2 ||    13
Armor: Ring mail         |     9 |       |       ||     9
       Leather armour    |     1 |       |       ||     1
       Scale mail        |    21 |    55 |       ||    76
       Chain mail        |       |     2 |    14 ||    16
Dodge: Dodged            |    37 |    70 |    15 ||   122
Block: Buckler           |    14 |    14 |    10 ||    38
       Rpst.: Long sword |    11 |    13 |     4 ||    28
